Map: Ancient Cistern LE

Players

Wabunga - Winner!

  • Race: Zerg Zerg
  • League: Platinum
  • Spawn Location: 1:00

VOD

Have the link to the VOD?

Description

just a test/putting this up to look at for myself
I don't know if there's a private way to do this...

Time

  • Played on: March 10, 2023, 7 p.m.
  • Length: 9:09
Show
View Real Time Build Order
Export as new Build Order

Wabunga Zerg - Winner!

Build Orders:  

Get SALT Encoding   

  12  0:00  Drone  
  13  0:17  Overlord  
  13  0:23  Drone  
  14  0:43  Drone x2  
  16  0:50  Drone  
  17  1:14  Hatchery  
  17  1:19  Drone  
  17  1:23  Drone  
  18  1:33  Extractor  
  17  1:49  Spawning Pool  
  16  1:50  Drone  
  16  1:58  Drone  
  18  2:06  Drone  
  19  2:18  Drone  
  20  2:54  Zergling x4  
  20  2:55  Queen  
  20  2:56  Queen  
  26  3:03  Overlord  
  26  3:13  Drone  
  26  3:15  Drone  
  28  3:32  Drone  
  28  3:33  Drone  
  28  3:35  Drone  
  28  3:39  Overlord  
  31  3:48  Metabolic Boost  
  31  4:01  Drone x2  
  31  4:08  Roach Warren  
  32  4:12  Evolution Chamber  
  32  4:16  Extractor, Drone  
  31  4:22  Extractor  
  31  4:23  Lair  
  31  4:24  Drone  
  31  4:26  Drone  
  32  4:32  Drone  
  32  4:41  Drone  
  32  4:42  Drone x2  
  35  5:05  Zerg Ground Armor Level 1  
  35  5:09  Overlord  
  35  5:10  Drone x3  
  38  5:23  Glial Reconstitution  
  38  5:26  Drone  
  38  5:27  Drone  
  38  5:29  Overlord  
  40  5:39  Roach  
  42  5:41  Roach  
  42  5:45  Roach  
  46  5:56  Roach  
  46  5:58  Roach  
  50  6:03  Roach  
  50  6:05  Roach  
  50  6:09  Overlord  
  54  6:12  Roach  
  54  6:17  Roach  
  59  6:30  Overlord  
  59  6:34  Roach x2  
  59  6:38  Roach  
  65  6:42  Roach  
  67  6:53  Overlord  
  67  6:57  Overlord, Roach  
  69  7:00  Roach  
  69  7:04  Roach  
  74  7:18  Overlord  
  74  7:19  Drone  
  76  7:21  Roach  
  76  7:22  Drone  
  79  7:37  Drone x3  
  82  7:56  Hatchery  
  81  8:03  Drone x3  
  81  8:04  Drone x2  
  81  8:06  Drone  
  86  8:24  Roach x2  
  86  8:25  Roach  
  88  8:33  Roach x2  
  88  8:34  Roach  
Tags
 
Add a new tag
Caveats
  • Supply blocks, unpowered buildings, or Contaminate may cause inaccurate times.
  • Supply counts are checked every 10 seconds.